 Dungeon Crawl Stone Soup version 0.24-a0-618-ge4662a2 (webtiles) character file.

Game seed: 12628588757770066928, levelgen mode: deterministic

53 BoppinsLewinski the Shield-Bearer (level 4, -3/36 HPs)
             Began as a Formicid Fighter on Sept 15, 2019.
             Slain by a gnoll
             ... wielding a +0 halberd
              (5 damage)
             ... on level 2 of the Dungeon.
             The game lasted 00:02:49 (1426 turns).

BoppinsLewinski the Shield-Bearer (FoFi)            Turns: 1426, Time: 00:02:51

Health: -3/36      AC:  6    Str: 26    XL:     4   Next: 11%
Magic:  4/4        EV:  7    Int:  8    God:
Gold:   66         SH:  9    Dex: 10    Spells: 3/3 levels left

rFire    . . .     SeeInvis +   a - +0 war axe
rCold    . . .     Gourm    .   c - +0 shield
rNeg     . . .     Faith    .   b - +0 scale mail
rPois    .         Spirit   .   (helmet unavailable)
rElec    .         Reflect  .   (no cloak)
rCorr    .         Harm     .   (no gloves)
MR       .....                  (no boots)
Stlth    ..........             (no amulet)
HPRegen  0.12/turn              (no ring)
MPRegen  0.09/turn              (no ring)

@: mighty, lethally poisoned (-3 -> -20), heavily drained
A: permanent stasis, dig shafts and tunnels, four strong arms, antennae 3
a: Dig, Shaft Self


You were on level 2 of the Dungeon.
You were not hungry.

You visited 1 branch of the dungeon, and saw 2 of its levels.

You collected 66 gold pieces.

Inventory:

Hand Weapons
 a - a +0 war axe (weapon)
Armour
 b - a +0 scale mail (worn)
 c - a +0 shield (worn)
Scrolls
 e - a scroll of magic mapping {unknown}
 g - 2 scrolls of identify {unknown}
 h - a scroll of fear {unknown}
 i - a scroll of fog {unknown}
Comestibles
 f - 2 rations


   Skills:
 + Level 3.6(2.0) Fighting
 * Level 2.8(1.3) Axes
 + Level 3.7(2.1) Armour
 + Level 0.8(0.0) Dodging
 + Level 4.1(2.5) Shields


You had 3 spell levels left.
You didn't know any spells.
Your spell library was empty.

Dungeon Overview and Level Annotations

Branches:
Dungeon (2/15)

Altars:

Annotations:
D:2 Sigmund


Innate Abilities, Weirdness & Mutations

You cannot be hasted, slowed, berserked, paralysed or teleported.
You can dig through walls and to a lower floor.
Your four strong arms can wield two-handed weapons with a shield.
You have a pair of large antennae on your head. (SInv)


Message History

Ye feel sick.
Tha gnoll hits ye from afar wit' a +2 halberd o' venom!
Ye be leth'lly poison'd!
Tha gnoll hits ye wit' a +0 club.
Ye block tha gnoll's attack.
Tha gnoll hits ye from afar wit' a +2 halberd o' venom!
* * * LOW HITPOINT WARNIN'
* * * Unknown command.
Ye be too injured ta fight recklessly!
Ye be too injured ta fight recklessly!
Unknown command.
Ye be too injured ta fight recklessly!
Unknown command.
Ye be too injured ta fight recklessly!
Ye barely miss tha gnoll.
Tha gnoll be severely wounded.
* * * LOW HITPOINT WARNIN'
* * * Ye feel sick.
Ye block tha gnoll's attack.
Sigmund tha Dreaded comes inta view. 'e be wieldin' a +0 scytha an' carryin' a wand o' diggin' (1).
Tha gnoll hits ye from afar wit' a +0 halberd.
Ye die...

#.....#....####
#########..>..#
#. #.###.# #.#
#.# #.# #.# #
#.# #.# .#
#.###.##.#
####.##....#
#....^gg@##.#
#.....g.## .#
####.#### #
#@..# #....g#
#...{{.g#
##...${##
.......
####....#


You could see Sigmund (wandering) and 3 gnolls.

Vanquished Creatures
  2 adders (D:2)
  A dart slug (D:1)
  8 bats (D:1)
  5 giant cockroaches
  2 goblins (D:1)
  4 hobgoblins (D:1)
  6 frilled lizards
  2 kobolds
  4 rats
34 creatures vanquished.

Notes
Turn   | Place    | Note
-------+----------+-------------------------------------------
     0 | D:1      | BoppinsLewinski the Formicid Fighter began the quest for
                  | the Orb.
     0 | D:1      | Reached XP level 1. HP: 18/18 MP: 1/1
    51 | D:1      | Reached XP level 2. HP: 23/24 MP: 2/2
   431 | D:1      | Reached XP level 3. HP: 21/29 MP: 3/3
  1129 | D:2      | Reached skill level 4 in Shields
  1134 | D:2      | Reached XP level 4. HP: 29/35 MP: 4/4
  1426 | D:2      | Noticed Sigmund
  1426 | D:2      | Slain by a gnoll

Levels and vault maps discovered:
D:1:      tarquinn_simple_flora_water_e, layout_loops_corners
D:2:      layout_loops_ring, kennysheep_generic_room_13, uniq_sigmund,
          uniq_crazy_yiuf_cottage, uniq_jessica

Skill      XL: |  1  2  3 |
---------------+----------+-----
Shields        | 4 |  4.1
Fighting       | |  3.6
Axes           | |  2.8
Armour         | |  3.7
Dodging        | |  0.8

Action                   |  1- 3 |  4- 6 || total
-------------------------+-------+-------++-------
Melee: War axe           |   112 |    14 ||   126
  Use: Potion            |       |     1 ||     1
  Eat: Chunk             |       |     2 ||     2
Armor: Scale mail        |    71 |     5 ||    76
Dodge: Dodged            |    47 |     6 ||    53
Block: Shield            |    72 |     9 ||    81

Table legend:
 A = Non-vault XP
 B = Vault XP
 C = Vault XP percentage of total XP
 D = Non-vault monster count
 E = Vault monster count
 F = Vault count percentage of total count
                 A         B        C        D         E       F
            +---------+---------+-------+---------+---------+-------
      Total |      77 |       0 |   0.0 |      34 |       0 |   0.0
            +---------+---------+-------+---------+---------+-------
        D:1 |      40 |       0 |   0.0 |      26 |       0 |   0.0
        D:2 |      37 |       0 |   0.0 |       8 |       0 |   0.0
            +---------+---------+-------+---------+---------+-------
